 Dungeon Crawl Stone Soup version 0.28-a0-1616-g050a50673c (webtiles) character file.

Game seed: 6631688054245120390

23 issech the Cudgeller (level 2, -19/29 HPs)
             Began as a Troll Berserker on Jan 22, 2022.
             Was a Follower of Trog.
             Engulfed by a cloud of flame (22 damage)
             ... on level 1 of the Dungeon.
             The game lasted 00:02:20 (359 turns).

issech the Cudgeller (Troll Berserker)               Turns: 359, Time: 00:02:20

Health: -19/29     AC:  4    Str: 24    XL:     2   Next: 75%
Magic:  1/1        EV: 10    Int:  3    God:    Trog [*.....]
Gold:   22         SH:  0    Dex:  9    Spells: 1/1 levels left

rFire   . . .      SeeInvis .   a - +0 mace
rCold   . . .      Faith    .   (no shield)
rNeg    . . .      Spirit   .   b - +0 animal skin
rPois   .          Reflect  .   (helmet restricted)
rElec   .          Harm     .   c - scarf {repulsion}
rCorr   .          Rampage  .   (gloves unavailable)
Will    .....                   (boots unavailable)
Stlth   +.........              (no amulet)
HPRegen 0.89/turn               (no ring)
MPRegen 0.07/turn               (no ring)

@: repel missiles
A: large, unfitting armour, claws 3, regeneration 1, shaggy fur 1, tough skin 1
a: Renounce Religion, Berserk


You were on level 1 of the Dungeon.
You worshipped Trog.
Trog was aware of your devotion.
You visited 1 branch of the dungeon, and saw 2 of its levels.

You collected 22 gold pieces.

Inventory:

Hand Weapons
 a - a +0 mace (weapon)
Missiles
 g - 3 stones (quivered)
Armour
 b - a +0 animal skin (worn)
 c - a scarf of repulsion (worn)
Scrolls
 e - a scroll of identify {unknown}
Potions
 f - a potion of lignification {unknown}


   Skills:
 + Level 2.8 Fighting
 + Level 3.0 Maces & Flails
 + Level 2.7 Dodging


You had one spell level left.
You didn't know any spells.
Your spell library contained the following spells:

 Spells                   Type           Power      Damage    Failure   Level
 Corpse Rot               Necr/Air       0%         N/A       67%         2
 Dispel Undead            Necr           0%         3d6       99%         4
 Death Channel            Necr           0%         N/A       100%        6


Dungeon Overview and Level Annotations

Branches:
Dungeon (2/15)

Altars:


Innate Abilities, Weirdness & Mutations

You are too large for most types of armour.
You have claws for hands.
Your natural rate of healing is unusually fast.
You are covered in fur. (AC +1)
You have tough skin. (AC +1)


Message History

The rat barely misses you.
You closely miss the ball python. The ball python bites you.
The rat barely misses you. The ball python bites you.
You barely miss the ball python. The rat bites you but does no damage.
The ball python bites you but does no damage.
You hit the ball python.
You kill the ball python!
Trog accepts your kill. The rat barely misses you. x2
You see here a ball python corpse.
You hit the rat but do no damage. The rat barely misses you.
You hit the rat.
The rat is severely wounded.
The rat closely misses you.
You closely miss the rat.
The rat is severely wounded.
The rat closely misses you.
You thump the rat!
You kill the rat!
Trog accepts your kill.
You see here a ball python corpse.
A jackal comes into view.
The jackal barks!
As you read the scroll labelled BOEL YVIXTIUTZ, it crumbles to dust.
The creatures around you are filled with an inner flame!
It was a scroll of immolation.
A hobgoblin comes into view.
The jackal bites you but does no damage.
The jackal closely misses you. The jackal barely misses you.
You barely miss the jackal. The jackal bites you.
The jackal bites you but does no damage.
You sock the jackal! Trog accepts your kill.
The jackal explodes!
The fiery explosion engulfs you!!
Ouch! That really hurt!
* * * LOW HITPOINT WARNING * * *
You are engulfed in blazing flames.
Ouch! That really hurt!
You die...

..########...........#
#....................#....
.......####..........#....
.........÷...........#....
###...##................ .
# ###.................. ..#
# #................##....
#####.........#####........
................@§§........
#####.......###.§§#####....
#.......##...###### .
#...................
##.##.....†.........
##.#...)>...........
#................#.#
##..##...........[# # #..#
#..............


There were no monsters in sight!

Vanquished Creatures
  A dart slug (D:1)
  2 endoplasms (D:1)
  A giant cockroach (D:1)
  2 goblins (D:1)
  3 hobgoblins
  2 jackals (D:1)
  3 kobolds
  A ball python (D:1)
  2 bats (D:1)
  4 rats (D:1)
21 creatures vanquished.

Notes
Turn   | Place    | Note
-------+----------+-------------------------------------------
     0 | D:1      | issech the Troll Berserker began the quest for the Orb.
     0 | D:1      | Reached XP level 1. HP: 22/22 MP: 0/0
   107 | D:1      | Reached XP level 2. HP: 29/29 MP: 1/1
   152 | D:1      | Reached skill level 3 in Maces & Flails
   280 | D:1      | You fall into a shaft and drop 1 floor!
   359 | D:1      | Engulfed by a cloud of flame

Illustrated notes

Levels and vault maps discovered:
D:1:      tarquinn_simple_flora_water_f, layout_rooms, minmay_hexomino_u4
D:2:      layout_rooms, hellmonk_ecumenical_altar_blasted,
          uniq_crazy_yiuf_cottage

Skill      XL: |  1  2 |
---------------+-------+-----
Maces & Flails | 3 |  3.0
Fighting       | |  2.8
Dodging        | |  2.7

Action                   || total
-------------------------++-------
Melee: Mace              ||    63
  Use: Scroll            ||     1
Armor: Animal skin       ||    23
Dodge: Dodged            ||    39

Table legend: (Time is in decaauts)
 A = Elapsed time spent in this place.
 B = Non-inter-level travel time spent in this place.
 C = Inter-level travel time spent in this place.
 D = Time resting spent in this place.
 E = Time spent auto-exploring this place.
 F = Levels seen in this place.
 G = Mean time per level.
                   A        B        C        D        E       F      G
               +--------+--------+--------+--------+--------+-----+--------+
         Total |    375 |    375 |      0 |      0 |    152 |   2 |  187.5 |
       Dungeon |    375 |    375 |      0 |      0 |    152 |   2 |  187.5 |
               +--------+--------+--------+--------+--------+-----+--------+

Top non-repeatable levels by time:
     D:1: 323 daAuts
     D:2: 51 daAuts
